Map: Orbital Shipyard

Players

ILLBdA

  • Race: Protoss Protoss
  • League: Diamond

ImKorean - Winner!

  • Race: Protoss Protoss
  • League: Diamond

VOD

Have the link to the VOD?

Description

Time

  • Played on: Dec. 14, 2015, 9:44 a.m.
  • Length: 3:00
Show
View Real Time Build Order
Export as new Build Order

ILLBdA Protoss 

Build Orders:  

Get SALT Encoding   

  12  0:01  Probe (Chrono Boost)  
  13  0:11  Probe (Chrono Boost)  
  14  0:18  Pylon  
  14  0:22  Probe (Chrono Boost)  
  15  0:37  Probe (Chrono Boost)  
  15  0:38  Forge  
  16  0:47  Probe (Chrono Boost)  
  17  0:58  Probe (Chrono Boost)  
  18  1:07  Pylon  
  18  1:08  Pylon  
  18  1:09  Pylon  
  18  1:25  Photon Cannon  
  18  1:32  Photon Cannon  
  16  1:42  Probe (Chrono Boost)  
  17  1:48  Gateway  
  17  1:50  Assimilator  
  17  1:56  Probe (Chrono Boost)  
  17  1:58  Assimilator  
  18  2:03  Pylon  
  18  2:07  Probe (Chrono Boost)  
  19  2:19  Pylon  
  19  2:26  Gateway  
  19  2:28  Probe (Chrono Boost)  
  20  2:37  Cybernetics Core  
  20  2:39  Probe (Chrono Boost)  
Show
View Real Time Build Order
Export as new Build Order

ImKorean Protoss - Winner!

Build Orders:  

Get SALT Encoding   

  12  0:00  Probe (Chrono Boost)  
  13  0:11  Probe (Chrono Boost)  
  14  0:18  Pylon  
  14  0:22  Probe (Chrono Boost)  
  15  0:36  Probe (Chrono Boost)  
  15  0:39  Gateway  
  16  0:46  Assimilator  
  16  0:47  Probe (Chrono Boost)  
  17  0:57  Probe (Chrono Boost)  
  18  1:15  Probe (Chrono Boost)  
  19  1:28  Zealot (Chrono Boost)  
  21  1:42  Cybernetics Core  
  19  2:04  Probe (Chrono Boost)  
  21  2:15  Probe (Chrono Boost)  
  21  2:18  Adept (Chrono Boost)  
  23  2:28  Pylon  
  23  2:46  Probe  
  23  2:50  Assimilator  
Tags
 
Matchup
PvP
Replay Pack
me
Add a new tag
Caveats
  • Supply blocks, unpowered buildings, or Contaminate may cause inaccurate times.
  • Supply counts are checked every 10 seconds.